 Dungeon Crawl Stone Soup version 0.32-a0-666-ge8a88695a4 (webtiles) character file.

Game seed: 6195311970390522373

458 promet the Chopper (level 6, -1/55 HPs)
             Began as a Mountain Dwarf Fighter on Mar 3, 2024.
             Was an Initiate of Wu Jian.
             Slain by an orc priest
             ... wielding a +0 war axe
              (7 damage)
             ... on level 4 of the Dungeon on Mar 10, 2024.
             The game lasted 00:18:04 (5461 turns).

promet the Chopper (Mountain Dwarf Fighter)         Turns: 5461, Time: 00:18:04

Health: -1/55      AC:  9    Str: 20    XL:     6   Next: 77%
Magic:  6/6        EV:  9    Int:  9    God:    Wu Jian [......]
Gold:   129        SH:  4    Dex:  9    Spells: 5/5 levels left

rFire   . . .        a - +0 war axe
rCold   . . .        c - +0 buckler
rNeg    . . .        b - +0 scale mail
rPois   .            l - +2 hat
rElec   .            (no cloak)
rCorr   .            (no gloves)
SInv    .            (no boots)
Will    .....        (no amulet) Stlth
                     (no ring)
HPRegen 0.29/turn    (no ring)
MPRegen 0.10/turn

%: no passive effects
@: mighty
A: runic magic, artefact enchanting
a: Renounce Religion


You were on level 4 of the Dungeon.
You worshipped Wu Jian.
Wu Jian was noncommittal.
You visited 2 branches of the dungeon, and saw 5 of its levels.

You collected 129 gold pieces.

Inventory:

Hand Weapons
 a - a +0 war axe (weapon)
 f - the +0 quarterstaff of Wondrous Power {venom, rC+ rN+ Int+4}
   (You found it on level 3 of the Dungeon)

   Int+4:     It affects your intelligence (+4).
   rC+:       It protects you from cold.
   rN+:       It protects you from negative energy.
 h - a +0 trident
Missiles
 k - 23 stones (quivered)
Armour
 b - a +0 scale mail (worn)
 c - a +0 buckler (worn)
 l - a +2 hat (worn)
Wands
 i - a wand of quicksilver (5)
 o - a wand of polymorph (9)
Scrolls
 e - a scroll of blinking {unknown}
 j - 2 scrolls of teleportation
 m - a scroll of noise {unknown}
 p - a scroll of poison {unknown}
Potions
 d - a potion of might
 g - a potion of cancellation
 n - 2 potions of attraction
 q - 2 potions of degeneration {unknown}


   Skills:
 * Level 4.8 Fighting
 + Level 5.5 Axes
 + Level 5.2 Armour
 + Level 0.4 Dodging
 + Level 0.1 Stealth
 + Level 4.2 Shields


You had 5 spell levels left.
You didn't know any spells.
Your spell library contained the following spells:

 Spells                   Type           Power      Damage    Failure   Level
 Apportation              Tloc           0%         N/A       54%         1
 Jinxbite                 Hex            0%         N/A       67%         2
 Fugue of the Fallen      Necr           0%         N/A       88%         3
 Ozocubu's Armour         Ice            0%         N/A       88%         3
 Volatile Blastmotes      Fire/Tloc      0%         2d10      88%         3
 Fulminant Prism          Conj/Alch      0%         3d5       99%         4
 Iskenderun's Mystic Bla  Conj/Tloc      0%         2d3       99%         4
 Manifold Assault         Tloc           0%         N/A       99%         4
 Alistair's Intoxication  Alch           0%         N/A       100%        5


Dungeon Overview and Level Annotations

Branches:
Dungeon (4/15)             Temple (1/1) D:4

Altars:
Cheibriados
Dithmenos
Elyvilon
Gozag
Kikubaaqudgha
Makhleb
Nemelex Xobeh
Okawaru
Qazlal
Ru
Sif Muna
Uskayaw
Vehumet
Wu Jian
Xom
Yredelemnul
Zin
The Shining One

Shops:
D:2 =

Annotations:
D:1 1 transporter
Temple 2 transporters


Innate Abilities, Weirdness & Mutations

Your spellcasting is much less encumbered by armour.
You can use scrolls of enchantment on lesser artefacts.


Message History

You start resting.
HP restored.
You start waiting.
Done waiting.
You see here a hobgoblin skeleton.
Found a stone staircase leading down.
q - 2 fuming golden potions An iguana comes into view.
The iguana hisses angrily.
An orc priest comes into view. It is wielding a +0 war axe.
The orc priest shouts!
You hear a shout!
An orc priest comes into view. It is wielding a +0 dagger.
The iguana attacks as it pursues you! You block the iguana's attack.
The orc priest casts a cantrip, but nothing happens.
The iguana attacks as it pursues you! The iguana bites you.
The iguana attacks as it pursues you! The iguana bites you.
The iguana attacks as it pursues you! The iguana bites you!
You hit the iguana but do no damage. The iguana bites you!
You hit the iguana.
The iguana is lightly wounded.
The iguana bites you.
You hit the iguana but do no damage.
The iguana is lightly wounded.
The iguana bites you. You block the iguana's attack.
You barely miss the iguana.
The iguana is lightly wounded.
The iguana bites you.
You closely miss the iguana.
The iguana is lightly wounded.
The iguana bites you but does no damage.
You hit the orc priest but do no damage.
You closely miss the iguana. The orc priest barely misses you.
The iguana bites you!
* * * LOW HITPOINT WARNING * * *
The orc priest hits you with a +0 war axe.
* * * LOW HITPOINT WARNING * * *
You feel very mighty all of a sudden. The iguana barely misses you.
The orc priest hits you with a +0 war axe!
You die...

.# #.........#
.###.........# ####.
..##.........###....
#.##.........##..#
..
#..#............###
#.#
##................#
..##
###..............#
## ..#
#...........ol.# ..
#.# #
#............@.###.#
#.## ##
#.......####..###..
##... .# ###..รท###
##.###.# ##....
.###...#.#
#..##.#######..##.
.##..###)#
#.............####
..).## #.#
###...#.######### #
.....#
#.#####....)..#
.###.#
#.......###...# ##
..##..######
#.......


You could see an iguana and an orc priest.

Vanquished Creatures
  A centaur (D:4)
  A scorpion (D:4)
  2 bombardier beetles
  A jelly (D:4)
  Terence (D:2)
  An iguana (D:3)
  An orc wizard (D:3)
  6 adders (D:2)
  4 dart slugs
  3 ribbon worms
  7 orcs (D:3)
  3 ball pythons
  10 endoplasms
  A giant cockroach (D:2)
  7 hobgoblins
  4 jackals (D:1)
  7 quokkas
  5 bats
  4 frilled lizards
  6 goblins
  5 kobolds
  4 rats
84 creatures vanquished.

Notes
Turn   | Place    | Note
-------+----------+-------------------------------------------
     0 | D:1      | promet the Mountain Dwarf Fighter began the quest for the
                  | Orb.
     0 | D:1      | Reached XP level 1. HP: 19/19 MP: 1/1
   389 | D:1      | Reached XP level 2. HP: 22/26 MP: 2/2
  1493 | D:1      | Reached XP level 3. HP: 32/33 MP: 3/3
  2167 | D:2      | Noticed Terence
  2177 | D:2      | Killed Terence
  2178 | D:2      | Reached XP level 4. HP: 33/40 MP: 4/4
  2735 | D:2      | Reached XP level 5. HP: 46/46 MP: 5/5
  2786 | D:2      | Found Lij Xaxi's Jewellery Emporium.
  3052 | D:2      | Upgraded the game from 0.32-a0-607-g64ea0e4219 to
                  | 0.32-a0-666-ge8a88695a4
  3157 | D:3      | Identified the +5 robe of Charmed Lucidity {^Contam rPois
                  | SInv Stlth+}
  3208 | D:3      | HP: 1/46 [burnt (4)]
  3745 | D:3      | Identified the +0 quarterstaff of Wondrous Power {venom,
                  | rC+ rN+ Int+4}
  4635 | D:3      | Noticed Ijyb
  4637 | D:3      | Ijyb changed into Ijyb the iguana
  4637 | D:3      | Noticed Ijyb
  4651 | D:3      | Killed Ijyb the iguana
  4790 | D:3      | Found an iron altar of Okawaru.
  4844 | D:4      | Noticed a centaur
  4850 | D:4      | Killed a centaur
  4851 | D:4      | Reached skill level 5 in Axes
  4851 | D:4      | Reached XP level 6. HP: 26/53 MP: 6/6
  5064 | D:4      | Reached skill level 5 in Armour
  5095 | D:4      | Found a staircase to the Ecumenical Temple.
  5106 | Temple   | Found a transporter.
  5106 | Temple   | Found a transporter.
  5106 | Temple   | Found a transporter.
  5106 | Temple   | Found a transporter.
  5106 | Temple   | Entered the Ecumenical Temple
  5145 | Temple   | Became a worshipper of the Wu Jian Council
  5461 | D:4      | Slain by an orc priest

Illustrated notes

Levels and vault maps discovered:
D:1:      spicycebolla_arrival_risky_transporter, layout_loops_ring,
          minmay_strange_pillars
D:2:      layout_loops_ring, serial_shops, shop, nicolae_titane, uniq_terence
D:3:      layout_basic, lemuel_tele_altar, uniq_ijyb
D:4:      layout_rooms, mainiacjoe_overflow_cross_hatched, temple_fountains,
          minmay_fountain_box
Temple:   hellmonk_temple_divided_pantheon

Skill      XL: |  1  2  3  4  5  6 |
---------------+-------------------+-----
Axes           | 3 5 |  5.5
Fighting       | 4 |  4.8
Armour         | 4 5 |  5.2
Shields        | 4 |  4.2
Dodging        | |  0.4
Stealth        | |  0.1

Action                     |  1- 3 |  4- 6 || total
---------------------------+-------+-------++-------
  Melee: War axe           |   157 |   192 ||   349
  Throw: Stone             |     8 |       ||     8
Ability: Lunge             |       |     1 ||     1
  Evoke: Wand              |       |     2 ||     2
    Use: Scroll            |     3 |     2 ||     5
         Potion            |       |     4 ||     4
 Armour: Scale mail        |   142 |   151 ||   293
  Dodge: Dodged            |    70 |    71 ||   141
  Block: Buckler           |    28 |    32 ||    60

Table legend: (Time is in decaauts)
 A = Elapsed time spent in this place.
 B = Non-inter-level travel time spent in this place.
 C = Inter-level travel time spent in this place.
 D = Time resting spent in this place.
 E = Time spent auto-exploring this place.
 F = Levels seen in this place.
 G = Mean time per level.
                   A        B        C        D        E       F      G
               +--------+--------+--------+--------+--------+-----+--------+
         Total |   5585 |   5532 |     53 |   2384 |   1496 |   5 | 1117.0 |
       Dungeon |   5524 |   5471 |     53 |   2384 |   1496 |   4 | 1381.0 |
        Temple |     60 |     60 |      0 |      0 |      0 |   1 |   60.0 |
               +--------+--------+--------+--------+--------+-----+--------+

Top non-repeatable levels by time:
     D:1: 2004 daAuts
     D:3: 1785 daAuts
     D:2: 1153 daAuts
     D:4: 581 daAuts
  Temple: 60 daAuts
